AoeStats
← cupiim

Four Lakes

508017460Analyzed
1v1 RM · 13d ago on Sep 20, 2026· 68m 54s· 2 players
Game mode
Random Map
Map size
Tiny (2 player)
Population
200
Speed
Normal
Resources
Standard
Victory
Conquest
Starting age
Dark Age
Ending age
Imperial Age
RankedLock teamsTeams togetherTeam positionsShared explorationLock speedFull tech treeHidden civsTurbo modeCheats
Victory
Defeat
🇨🇴 Khmer · Colombia
538
+15
🇧🇷 Inca · Brazil
525
-15
cupiim
9:30 Loom
11:16 Feudal Age
9:34 Loom
11:59 Champi Runner
14:07 Double-Bit Axe
18:40 Horse Collar
23:35 Castle Age
23:09 Wheelbarrow
23:21 Forging
23:55 Fishing Lines
23:47 Champi Warrior
25:56 Bow Saw
25:09 Pikeman
27:11 Fletching
29:31 Stone Mining
30:36 Crossbowman
34:17 Hand Cart
36:47 Imperial Age
36:55 Imperial Age
35:00 Ballistics
35:07 Heavy Plow
35:02 Treadmill Crane
35:19 Gillnets
36:55 Iron Casting
37:50 Scale Mail Armor
38:18 Capped Ram
42:06 Blast Furnace
41:31 Gold Mining
42:37 Thumb Ring
43:48 Chemistry
44:01 Crop Rotation
44:31 Bodkin Arrow
44:52 Chain Mail Armor
45:04 Heated Shot
46:12 Andean Sling
47:07 Halberdier
47:14 Halberdier
47:59 Bracer
48:59 Fabric Shields
51:55 Masonry
51:29 Elite Champi Warrior
53:34 Arbalester
54:08 Siege Ram
56:23 Plate Mail Armor
57:03 Murder Holes
57:19 Fortified Wall
56:59 Town Watch
59:40 Padded Archer Armor
59:52 Sappers
60:46 Conscription
64:10 Guard Tower
64:06 Arrowslits
alvaroalmeida586
6:31 Loom
13:50 Feudal Age
16:16 Fishing Lines
17:09 Double-Bit Axe
19:32 Castle Age
17:58 Stone Mining
17:59 Gold Mining
17:54 Horse Collar
23:05 Wheelbarrow
24:10 Hand Cart
27:18 Bow Saw
30:05 Light Cavalry
30:55 Bloodlines
30:46 Husbandry
34:12 Forging
34:08 Scale Barding Armor
35:58 Iron Casting
36:04 Chain Barding Armor
40:36 Imperial Age
41:59 Cavalier
43:52 Hussar
45:12 Plate Barding Armor
45:05 Heavy Plow
46:27 Blast Furnace
46:33 Heavy Scorpion
49:54 Chemistry
49:29 Ballistics
54:00 Double Crossbow
54:21 Conscription
54:37 Hoardings
Connection lost

Rejoining the realm…

Still unreachable

The connection could not be restored.

Session expired

The server has moved on; the page needs a fresh start.